 Dungeon Crawl Stone Soup version 0.28.0-45-g0d030f2227 (webtiles) character file.

Game seed: 14626122537900000730

74 101zpm the Magician (level 4, -2/31 HPs)
             Began as a Djinni Ice Elementalist on Apr 15, 2022.
             Slain by Pikel
             ... wielding a +1 whip of flaming
              (3 damage)
             ... on level 3 of the Dungeon.
             The game lasted 00:05:12 (3872 turns).

101zpm the Magician (Djinni Ice Elementalist)       Turns: 3872, Time: 00:05:12

Health: -2/31      AC:  8    Str:  7    XL:     4   Next: 52%
Gold:   78         EV: 12    Int: 19    God:
                   SH:  0    Dex: 13

rFire   + + .      SeeInvis .   (no weapon)
rCold   x . .      Faith    .   (no shield)
rNeg    . . .      Spirit   .   a - +0 robe
rPois   ∞          Reflect  .   (no helmet)
rElec   .          Harm     .   (no cloak)
rCorr   .          Rampage  .   (no gloves)
Will    .....                   (boots unavailable)
Stlth   ++........              (no amulet)
HPRegen 0.10/turn               (no ring)
MPRegen 0.00/turn               (no ring)

@: ice-armoured, freezing walls, flying
A: sickness immunity, fire resistance 2, cold vulnerability 1, float, innate
caster, HP casting, extra vitality 1
a: no special abilities


You were on level 3 of the Dungeon.
You visited 1 branch of the dungeon, and saw 4 of its levels.

You collected 78 gold pieces.

Inventory:

Missiles
 g - a throwing net
Armour
 a - a +0 robe (worn)
Scrolls
 b - a scroll of enchant weapon {unknown}
 e - 2 scrolls of noise {unknown}
 f - a scroll of amnesia {unknown}
 k - a scroll of teleportation {unknown}
 m - a scroll of identify {unknown}
 n - 2 scrolls of magic mapping
 o - a scroll of fog {unknown}
Potions
 c - a potion of resistance {unknown}
 d - 2 potions of berserk rage {unknown}
 h - a potion of attraction {unknown}
 i - a potion of cancellation {unknown}
 j - a potion of haste {unknown}
 l - a potion of ambrosia {unknown}
 p - a potion of curing {unknown}
 q - 2 potions of flight {unknown}


   Skills:
 + Level 2.2 Dodging
 + Level 1.7 Stealth
 + Level 4.4 Spellcasting


You couldn't memorise any spells.
You knew the following spells:

 Your Spells              Type           Power      Damage    Failure   Level
a - Freeze                Ice            80%        1d9       2%          1
b - Frozen Ramparts       Ice            40%        1d6       6%          3
c - Ozocubu's Armour      Ice            20%        N/A       6%          3
d - Hailstorm             Conj/Ice       20%        3d6       22%         4
e - Slow                  Hex            80%        N/A       2%          1
Your spell library was empty.

Dungeon Overview and Level Annotations

Branches:
Dungeon (4/15)
 Temple: D:4-7

Altars:

Shops:
D:3 ?

Annotations:
D:2 Natasha
D:3 Pikel


Innate Abilities, Weirdness & Mutations

You are immune to sickness and miasma.
You are immune to poison.
Your flesh is very heat resistant. (rF++)
You are vulnerable to cold. (rC-)
You float through the air rather than walking.
You learn spells naturally, not from books.
Your magical power is your life essence.
You have superior vitality. (+4 MHP)


Message History

Casting: Ozocubu's Armour (dangerous; 6% risk of failure)
Confirm with . or Enter, or press ? or * to list all spells.
Aiming: Slow (safe; 2% risk of failure)
Press: ? - help, Shift-Dir - straight line, f - lemure
Aim: a lemure (lightly wounded, chance to affect: 60%)
The lemure resists with significant effort.
The wall freezes the lemure.
The lemure hits you!
* * * LOW HITPOINT WARNING * * *
The wall freezes Pikel.
Casting: Slow (safe; 2% risk of failure)
Confirm with . or Enter, or press ? or * to list all spells.
Aiming: Slow (safe; 2% risk of failure)
Press: ? - help, Shift-Dir - straight line, f - Pikel, p - lemure
Aim: Pikel, wielding a +1 whip of flaming and wearing a +0 robe (moderately wounded, chance to affect: 60%)
The lemure seems to slow down.
* * * LOW HITPOINT WARNING * * *
The wall freezes the lemure.
The wall freezes the lemure!
The lemure closely misses you.
The wall freezes Pikel.
Aiming: Freeze (safe; 2% risk of failure)
Press: ? - help, Q - select action, (/) - cycle Shift-Dir - straight line, f/p - Pikel
Aim: Pikel, wielding a +1 whip of flaming and wearing a +0 robe (heavily wounded)
You freeze Pikel!
Pikel is severely wounded.
* * * LOW HITPOINT WARNING * * *
The wall freezes the lemure.
The wall freezes Pikel.
Pikel hits you but does no damage.
The wall freezes the lemure!
The lemure barely misses you.
You don't have enough health to cast this spell.
What are your orders? t - Shout!
Orders for allies: a - Attack new target. p - Attack previous target. r - Retreat! s - Stop attacking. g - Guard the area. f - Follow me.
Anything else - Cancel.
Okay, then.
As you read the scroll labelled SAUX XYALEYDI, it crumbles to dust.
You feel momentarily disoriented.
It was a scroll of magic mapping.
The wall freezes the lemure.
The wall freezes Pikel.
Pikel hits you with a +1 whip of flaming.
You die...

##### ###### ##### #...#
.....##########.@K## #...#
#...............#55# #...#
#.....######..####.######...#
#.....# #.#####..........#
......######.......>........#
..............##........#...#
#.....####...###........#...#
#.....##.....###........#...#
......#..##.###.........#...#


You could see Pikel and 2 lemures.

Vanquished Creatures
  2 lemures (D:3)
  Natasha (D:2)
  A worm (D:2)
  A dart slug (D:2)
  3 ball pythons
  5 endoplasms
  2 giant cockroaches
  4 goblins
  5 hobgoblins
  2 quokkas
  3 bats
  9 frilled lizards
  4 kobolds
  2 rats (D:2)
44 creatures vanquished.

Notes
Turn   | Place    | Note
-------+----------+-------------------------------------------
     0 | D:1      | 101zpm the Djinni Ice Elementalist began the quest for the
                  | Orb.
     0 | D:1      | Reached XP level 1. HP: 15/15 MP: 0/0
   372 | D:1      | Reached XP level 2. HP: 9/21 MP: 0/0
  1259 | D:2      | Found a faded altar of an unknown god.
  1606 | D:2      | Reached XP level 3. HP: 24/25 MP: 0/0
  1606 | D:2      | Learned a level 1 spell: Slow
  1953 | D:2      | Noticed Natasha
  1960 | D:2      | Killed Natasha
  1961 | D:2      | Reached skill level 4 in Spellcasting
  1961 | D:2      | Reached XP level 4. HP: 13/31 MP: 0/0
  2682 | D:2      | Noticed Natasha
  3097 | D:3      | Found Ukogoq's Magic Scroll Boutique.
  3518 | D:4      | Noticed Pikel
  3518 | D:4      | Noticed a lemure
  3518 | D:4      | Noticed a lemure
  3518 | D:4      | Noticed a lemure
  3518 | D:4      | Noticed a lemure
  3530 | D:3      | Killed a lemure
  3534 | D:3      | Killed a lemure
  3872 | D:3      | Slain by Pikel

Illustrated notes

Levels and vault maps discovered:
D:1:      lightli_arrival_windingriver, layout_loops_ring,
          chequers_decorated_corner, minmay_misc_feat_rugged, minmay_lizard_pond
D:2:      layout_loops_corners, nicolae_ecumenical_oubliette,
          minmay_misc_feat_chi, uniq_natasha
D:3:      layout_rooms, serial_shops, nicolae_shop_stone, minmay_misc_feat_x
D:4:      layout_gridville, temple_fountains, hangedman_decor_growths,
          uniq_pikel

Skill      XL: |  1  2  3 |
---------------+----------+-----
Spellcasting   | 4 |  4.4
Dodging        | |  2.2
Stealth        | |  1.7

Action                   |  1- 3 |  4- 6 || total
-------------------------+-------+-------++-------
Melee: Unarmed           |     1 |     2 ||     3
 Cast: Freeze            |    39 |    16 ||    55
       Frozen Ramparts   |       |     9 ||     9
       Slow              |       |     4 ||     4
       Ozocubu's Armour  |       |     2 ||     2
  Use: Scroll            |       |     1 ||     1
Armor: Robe              |     3 |    10 ||    13
Dodge: Dodged            |    13 |    12 ||    25
